 Dungeon Crawl Stone Soup version 0.30-a0-1035-g38d5fb2972 (webtiles) character file.

Game seed: 2900851991326190592

322 FlurksSlurper the Insei (level 6, -1/46 HPs)
             Began as a Demonspawn Gladiator on Apr 8, 2023.
             Killed from afar by an orc wizard (11 damage)
             ... with a puff of flame
             ... on level 3 of the Dungeon.
             The game lasted 00:05:31 (3217 turns).

FlurksSlurper the Insei (Demonspawn Gladiator)      Turns: 3217, Time: 00:05:32

Health: -1/46      AC: 14    Str: 14    XL:     6   Next: 22%
Magic:  6/6        EV:  5    Int: 11    God:
Gold:   263        SH:  0    Dex: 19    Spells: 5/5 levels left

rFire   . . .      SeeInvis .      - Unarmed
rCold   + . .      Faith    .    (no shield)
rNeg    . . .      Spirit   .    k - +0 plate armour
rPois   .          Reflect  .    n - +1 helmet
rElec   .          Rampage  .    g - +0 cloak
rCorr   .          Clarity  +    (no gloves)
Will    +....                    (no boots) Stlth
                                 (no amulet)
HPRegen 0.27/turn                m - ring of wizardry
MPRegen 0.10/turn                l - ring of protection from cold

@: lethally poisoned (-1 -> -20)
A: claws 1, thin skeletal structure 2, clarity, strong-willed 1
a: no special abilities


You were on level 3 of the Dungeon.
You visited 1 branch of the dungeon, and saw 4 of its levels.

You collected 263 gold pieces.

Inventory:

Hand Weapons
 a - a +2 quarterstaff of chaos
 e - a +0 spear
Missiles
 c - 3 throwing nets (quivered)
 d - a javelin
Armour
 g - a +0 cloak (worn)
 k - a +0 plate armour (worn)
 n - a +1 helmet (worn)
Magical Staves
 p - a staff of conjuration
Jewellery
 l - a ring of protection from cold (right claw)
 m - a ring of wizardry (left claw)
Scrolls
 b - 2 scrolls of poison {unknown}
 f - a scroll of teleportation
 h - a scroll of enchant weapon {unknown}
 i - 3 scrolls of identify
 j - a scroll of enchant armour {unknown}
 o - 2 scrolls of noise {unknown}
 r - 2 scrolls of amnesia {unknown}
 s - a scroll of vulnerability {unknown}
Potions
 t - a potion of magic
 u - a potion of resistance


   Skills:
 + Level 2.7 Fighting
 + Level 2.1 Throwing
 + Level 2.3 Armour
 + Level 3.2 Dodging
 + Level 0.2 Stealth
 + Level 5.0 Unarmed Combat


You had 5 spell levels left.
You didn't know any spells.
Your spell library contained the following spells:

 Spells                   Type           Power      Damage    Failure   Level
 Sandblast                Erth           0%         2d4       100%        1
 Lesser Beckoning         Tloc           0%         N/A       100%        2
 Passwall                 Tmut/Erth      0%         N/A       100%        2
 Static Discharge         Conj/Air       0%         2-2/arc   100%        2
 Dazzling Flash           Conj/Hex       0%         N/A       100%        3
 Gell's Gravitas          Tloc           0%         N/A       100%        3
 Inner Flame              Hex/Fire       0%         N/A       100%        3
 Stone Arrow              Conj/Erth      0%         3d7       100%        3
 Teleport Other           Tloc           0%         N/A       100%        3
 Airstrike                Air            0%         2d(0-16)  100%        4
 Summon Lightning Spire   Summ/Air       0%         N/A       100%        4
 Agony                    Necr           0%         N/A       100%        5
 Silence                  Hex/Air        0%         N/A       100%        5
 Yara's Violent Unravell  Hex/Tmut       0%         3d3       100%        5
 Enfeeble                 Hex            0%         N/A       100%        7


Dungeon Overview and Level Annotations

Branches:
Dungeon (4/15)
 Temple: D:4-7

Altars:


Innate Abilities, Weirdness & Mutations

You have sharp fingernails.
You have a moderately thin skeletal structure. (Dex +4, Stealth++)
You possess an exceptional clarity of mind.
You are strong-willed. (Will+)


Message History

The hobgoblin hits you but does no damage.
Something hits you but does no damage.
You are poisoned.
You feel sick. Something hits you.
You are more poisoned.
You closely miss something.
You feel very sick. Something hits you but does no damage.
The hobgoblin hits you but does no damage.
You scratch something but do no damage.
You feel very sick. Something hits you but does no damage.
You are more poisoned.
The hobgoblin hits you but does no damage.
Unknown command.
You closely miss something.
You feel very sick.
The hobgoblin hits you but does no damage.
Something hits you but does no damage.
You are lethally poisoned!
Unknown command.
You claw something!
You feel very sick. Something hits you but does no damage.
You are more poisoned.
The hobgoblin hits you but does no damage.
Unknown command.
You scratch something.
You feel very sick. Something completely misses you.
The hobgoblin hits you but does no damage.
It was a potion of mutation.
You feel extremely strange.
Your thoughts seem clearer.
You feel strong-willed.
You feel clumsy.
You feel agile.
* * * LOW HITPOINT WARNING * * *
You feel very sick.
You hear some strange, mumbled words.
A puff of flame appears from out of thin air!
The puff of flame hits you!
You die...

.... .. #..##. ###.... #
#.(... . . #. ##.#.. . ...
#..##....#.#....
#(.#.#.#.#.....#
#.....)g@...!#.# #.#
##.#.#)#{#####.# #.#
##...## #.# #.# .##.## #.#
#.# ## ..#.##### #.# #.#
..#. .......#....# #.#
#.##<..#
#.....#.###.###.###.......
##...##.......†.........#
##.# #.........#######.#


You could see a hobgoblin.

Vanquished Creatures
  A scorpion (D:4)
  Crazy Yiuf (D:2)
  3 orc priests (D:4)
  6 adders
  A worm (D:2)
  2 dart slugs (D:3)
  10 orcs
  6 ball pythons
  3 bats
  5 endoplasms
  2 giant cockroaches
  7 hobgoblins
  6 jackals
  6 quokkas
  2 frilled lizards
  5 goblins
  7 kobolds
  7 rats (D:1)
80 creatures vanquished.

Notes
Turn   | Place    | Note
-------+----------+-------------------------------------------
     0 | D:1      | FlurksSlurper the Demonspawn Gladiator began the quest for
                  | the Orb.
     0 | D:1      | Reached XP level 1. HP: 16/16 MP: 1/1
   130 | D:1      | Reached skill level 3 in Unarmed Combat
   151 | D:1      | Gained mutation: You have sharp fingernails. [demonic
                  | ancestry]
   151 | D:1      | Reached XP level 2. HP: 22/22 MP: 2/2
   457 | D:1      | Gained mutation: You have a somewhat thin skeletal
                  | structure. (Dex +2, Stealth+) [demonic ancestry]
   457 | D:1      | Reached XP level 3. HP: 26/27 MP: 3/3
  1607 | D:2      | Found a runed translucent door.
  1608 | D:2      | Noticed Crazy Yiuf
  1674 | D:2      | Gained mutation: You have a moderately thin skeletal
                  | structure. (Dex +4, Stealth++) [demonic ancestry]
  1674 | D:2      | Reached XP level 4. HP: 27/33 MP: 4/4
  1808 | D:2      | Killed Crazy Yiuf
  1809 | D:2      | Reached skill level 1 in Armour
  1989 | D:4      | Reached skill level 4 in Unarmed Combat
  2019 | D:4      | Noticed a scorpion
  2029 | D:4      | Killed a scorpion
  2030 | D:4      | Reached XP level 5. HP: 18/39 MP: 5/5
  2315 | D:4      | Reached XP level 6. HP: 28/46 MP: 6/6
  2816 | D:4      | Reached skill level 5 in Unarmed Combat
  3217 | D:3      | Gained mutation: You possess an exceptional clarity of
                  | mind. [potion of mutation]
  3217 | D:3      | Gained mutation: You are strong-willed. (Will+) [potion of
                  | mutation]
  3217 | D:3      | Gained mutation: You are clumsy. (Dex -2) [potion of
                  | mutation]
  3217 | D:3      | Lost mutation: You are clumsy. (Dex -2) [potion of
                  | mutation]
  3217 | D:3      | Killed from afar by an orc wizard

Illustrated notes

Levels and vault maps discovered:
D:1:      lemuel_arrival_broad_hall, layout_loops_cross, minivault_23
D:2:      layout_basic, uniq_crazy_yiuf_cottage
D:3:      layout_loops_ring, nrook_uturn, minmay_fractal_squares_diagonal_5
D:4:      cheibrodos_pilgrimage, layout_basic, elyvilon_altar_3,
          serial_park_tiny_2

Skill      XL: |  1  2  3  4  5  6 |
---------------+-------------------+-----
Unarmed Combat | 3 4 5 |  5.0
Throwing       | 2 |  2.1
Dodging        | 3 |  3.2
Armour         | 1 2 |  2.3
Fighting       | |  2.7
Stealth        | |  0.2

Action                     |  1- 3 |  4- 6 || total
---------------------------+-------+-------++-------
  Melee: Unarmed           |   140 |   152 ||   292
         Punch             |     5 |     4 ||     9
    Use: Potion            |       |     5 ||     5
         Scroll            |       |     1 ||     1
 Armour: Scale mail        |    34 |       ||    34
         Leather armour    |     1 |       ||     1
         Plate armour      |    25 |   111 ||   136
  Dodge: Dodged            |    47 |    35 ||    82

Table legend: (Time is in decaauts)
 A = Elapsed time spent in this place.
 B = Non-inter-level travel time spent in this place.
 C = Inter-level travel time spent in this place.
 D = Time resting spent in this place.
 E = Time spent auto-exploring this place.
 F = Levels seen in this place.
 G = Mean time per level.
                   A        B        C        D        E       F      G
               +--------+--------+--------+--------+--------+-----+--------+
         Total |   3201 |   3082 |    119 |      5 |   2274 |   4 |  800.2 |
       Dungeon |   3201 |   3082 |    119 |      5 |   2274 |   4 |  800.2 |
               +--------+--------+--------+--------+--------+-----+--------+

Top non-repeatable levels by time:
     D:2: 1054 daAuts
     D:4: 1007 daAuts
     D:1: 813 daAuts
     D:3: 326 daAuts
